 Dungeon Crawl Stone Soup version 0.26.0-10-g1f06aea511 (webtiles) character file.

Game seed: 1961647446986880391

44 Azzok the Skirmisher (level 3, -1/29 HPs)
             Began as a Demonspawn Berserker on Jan 23, 2021.
             Was a Believer of Trog.
             Slain by an orc wizard
             ... wielding a +0 dagger
              (2 damage)
             ... on level 2 of the Dungeon.
             The game lasted 00:01:29 (1246 turns).

Azzok the Skirmisher (Demonspawn Berserker)         Turns: 1246, Time: 00:01:29

Health: -1/29      AC: 11    Str: 18    XL:     3   Next: 41%
Magic:  3/3        EV:  6    Int:  8    God:    Trog [**....]
Gold:   30         SH:  0    Dex: 12    Spells: 2/2 levels left

rFire    . . .     SeeInvis .   a - +0 hand axe
rCold    . . .     Faith    .   (no shield)
rNeg     . . .     Spirit   .   f - +0 plate armour (curse)
rPois    .         Reflect  .   (no helmet)
rElec    .         Harm     .   (no cloak)
rCorr    .         Rampage  .   (no gloves)
Will     .....                  (no boots)
Stlth    ..........             (no amulet)
HPRegen  0.09/turn              (no ring)
MPRegen  0.08/turn              (no ring)

@: lethally poisoned (-1 -> -10), berserk cooldown, slowed, very slow
A: powered by pain 1
a: Renounce Religion, Berserk, Trog's Hand


You were on level 2 of the Dungeon.
You worshipped Trog.
Trog was pleased with you.
You visited 1 branch of the dungeon, and saw 2 of its levels.

You collected 30 gold pieces.

Inventory:

Hand Weapons
 a - a +0 hand axe (weapon)
Armour
 b - a +0 animal skin
 f - a cursed +0 plate armour (worn)
Scrolls
 d - a scroll of enchant armour {unknown}
 e - a scroll of fog {unknown}
 g - a scroll of enchant weapon {unknown}
Potions
 c - 3 potions of curing {unknown}
 h - a potion of lignification {unknown}


   Skills:
 + Level 3.4 Fighting
 + Level 3.1 Axes
 + Level 2.3 Armour
 - Level 2.2 Dodging


You had 2 spell levels left.
You didn't know any spells.
Your spell library was empty.

Dungeon Overview and Level Annotations

Branches:
Dungeon (2/15)

Altars:


Innate Abilities, Weirdness & Mutations

You sometimes gain a little power by taking damage.


Message History

The magic dart hits you. The adder bites you.
You are poisoned.
The adder poisons you!
There is a stone staircase leading down here.
You feel sick.
The orc wizard is no longer moving quickly.
The orc wizard hits you with a +0 dagger.
* * * LOW HITPOINT WARNING * * *
The adder bites you.
* * * LOW HITPOINT WARNING * * *
You are more poisoned.
The adder poisons you! The kobold barely misses you.
The orc wizard barely misses you. The adder bites you but does no damage.
A magic dart appears from out of thin air!
The magic dart hits you.
* * * LOW HITPOINT WARNING * * *
The kobold hits you.
* * * LOW HITPOINT WARNING * * *
The orc wizard hits you with a +0 dagger.
You die...

o····▒········≈≈≈≈≈♣≈≈≈≈≈≈
·····▒·········≈≈≈≈·_·≈≈≈·
···············≈≈≈≈·♣·≈≈≈·
···▒·····((·····≈≈≈≈≈≈≈≈≈·
···▒············≈≈≈≈≈≈≈≈≈·
▒▒▒▒·········o··≈≈≈≈≈≈≈≈≈≈
▒▒·········o{{·≈≈·≈≈≈·≈≈
▒▒···········≈K≈····≈·≈··
▒·············S@·▒▒▒▒▒▒▒▒
▒··(··········o··▒
▒················▒
▒················▒
▒▒················▒
·····)············▒
·▒▒······)·······▒▒
▒▒··)<··▒·····▒▒
▒▒·▒·▒·▒▒▒▒▒▒▒


You could see an orc wizard, an adder, 2 orcs and a kobold.

Vanquished Creatures
  A dart slug (D:1)
  4 bats
  3 giant cockroaches (D:1)
  5 goblins
  7 hobgoblins
  7 jackals
  5 kobolds
  4 rats
36 creatures vanquished.

Notes
Turn   | Place    | Note
-------+----------+-------------------------------------------
     0 | D:1      | Azzok the Demonspawn Berserker began the quest for the Orb.
     0 | D:1      | Reached XP level 1. HP: 18/18 MP: 1/1
   195 | D:1      | Gained mutation: You sometimes gain a little power by
                  | taking damage. [demonic ancestry]
   195 | D:1      | Reached XP level 2. HP: 24/24 MP: 2/2
  1032 | D:1      | Reached XP level 3. HP: 27/29 MP: 3/3
  1091 | D:2      | Reached ** piety under Trog
  1143 | D:2      | Found a faded altar of an unknown god.
  1246 | D:2      | HP: 1/29 [kobold (1)]
  1246 | D:2      | Slain by an orc wizard

Illustrated notes

Levels and vault maps discovered:
D:1:      dpeg_arrival_stonehenge_8_columns, layout_basic,
          minmay_split_cup_small
D:2:      layout_rooms, marbit_many_paths, chequers_ecumenical_altar_island

Skill      XL: |  1  2 |
---------------+-------+-----
Armour         | 2 |  2.3
Dodging        | 2 |  2.2
Axes           | 3 |  3.1
Fighting       | |  3.4

Action                   || total
-------------------------++-------
Melee: Hand axe          ||    99
Invok: Berserk           ||     2
Armor: Animal skin       ||    14
       Plate armour      ||    85
Dodge: Dodged            ||    66
